 Dungeon Crawl Stone Soup version 0.30-a0-939-gc8157cb160 (webtiles) character file.

Game seed: 7848706103889337148

184 gruber the Chiller (level 5, 0/28 HPs)
             Began as a Gargoyle Ice Elementalist on Mar 25, 2023.
             Killed from afar by Blork the orc (8 damage)
             ... with a puff of frost
             ... on level 4 of the Dungeon.
             The game lasted 00:03:15 (3557 turns).

gruber the Chiller (Gargoyle Ice Elementalist)      Turns: 3557, Time: 00:03:16

Health: 0/28       AC: 14    Str: 11    XL:     5   Next: 63%
Magic:  21/27      EV: 11    Int: 18    God:
Gold:   178        SH:  0    Dex: 10    Spells: 3/10 levels left

rFire   . . .      SeeInvis .    k - +0 dagger (venom)
rCold   . . .      Faith    .    (no shield)
rNeg    + . .      Spirit   .    a - +0 robe
rPois   ∞          Reflect  .    (no helmet)
rElec   +          Rampage  .    i - +0 cloak
rCorr   .                        (no gloves)
Will    .....                    (no boots)
Stlth   ++                       (no amulet)
HPRegen 0.24/turn                e - ring of magical power
MPRegen 0.20/turn                s - ring of magical power

@: ice-armoured, freezing walls
A: sickness immunity, AC +4, negative energy resistance 1, electricity
resistance, torment resistance 1, petrification resistance
a: no special abilities


You were on level 4 of the Dungeon.
You visited 1 branch of the dungeon, and saw 4 of its levels.

You collected 178 gold pieces.

Inventory:

Hand Weapons
 k - a +0 dagger of venom (weapon)
Missiles
 x - a throwing net
Armour
 a - a +0 robe (worn)
 i - a +0 cloak (worn)
Jewellery
 e - a ring of magical power (left hand)
 s - a ring of magical power (right hand)
 u - a +6 ring of strength
Scrolls
 c - 6 scrolls of identify {unknown}
 d - 2 scrolls of brand weapon {unknown}
 g - 3 scrolls of teleportation {unknown}
 h - a scroll of fear {unknown}
 n - a scroll of enchant armour {unknown}
 o - a scroll of enchant weapon {unknown}
 p - a scroll of poison {unknown}
 t - a scroll of blinking {unknown}
 w - a scroll of noise {unknown}
Potions
 b - a potion of magic
 f - 4 potions of curing {unknown}
 j - a potion of attraction {unknown}
 l - a potion of ambrosia {unknown}
 m - a potion of heal wounds {unknown}
 q - a potion of resistance {unknown}
 r - a potion of haste {unknown}
 v - a potion of lignification {unknown}


   Skills:
 - Level 1.5 Dodging
 - Level 2.1 Stealth
 + Level 3.0 Spellcasting
 + Level 6.1 Ice Magic


You had 3 spell levels left.
You knew the following spells:

 Your Spells              Type           Power      Damage    Failure   Level
a - Freeze                Ice            100%       1d10      1%          1
b - Frozen Ramparts       Ice            50%        1d8       3%          3
c - Ozocubu's Armour      Ice            25%        N/A       3%          3

Your spell library contained the following spells:

 Spells                   Type           Power      Damage    Failure   Level
 Necrotise                Necr           8%         1d4       16%         1
 Lesser Beckoning         Tloc           4%         N/A       24%         2
 Gell's Gravitas          Tloc           2%         N/A       43%         3
 Teleport Other           Tloc           2%         N/A       43%         3
 Vampiric Draining        Necr           2%         2d6       43%         3
 Summon Ice Beast         Ice/Summ       13%        N/A       41%         4
 Agony                    Necr           2%         N/A       99%         5


Dungeon Overview and Level Annotations

Branches:
Dungeon (4/15)             Temple (0/1) D:4

Altars:
Nemelex Xobeh
Trog
Yredelemnul

Annotations:
D:3 1 runed translucent door, 2 transporters, snipermoke's ghost, amateur DgFi
D:4 Blork the orc; Robin


Innate Abilities, Weirdness & Mutations

You are immune to sickness and miasma.
Your stone body is resilient. (AC +4)
You are immune to poison.
You resist negative energy. (rN+)
You are resistant to electric shocks. (rElec)
You are resistant to unholy torment.
You are immune to petrification.


Message History

You are frozen.
You barely miss the endoplasm.
The endoplasm hits you but does no damage.
You hit the endoplasm.
The endoplasm is moderately wounded.
The endoplasm freezes you.
You are frozen.
You freeze the endoplasm!
You kill the endoplasm!
You can't see any susceptible monsters within range! (Use Z to cast anyway.)
You can't see any susceptible monsters within range! (Use Z to cast anyway.)
c - 6 scrolls labelled CUIR YXINI (gained 1) Blork the orc comes into view.
He is wielding a +0 glaive and wearing a +2 robe of fire resistance.
Blork the orc shouts!
Blork the orc is nearby!
Blork the orc is nearby!
Blork the orc is nearby!
Blork the orc begins to cast a cantrip, but forgets the words!
Blork the orc completely misses you.
Found a stone staircase leading down.
Blork the orc casts a spell at you. The magic dart hits you!
Casting: Freeze (safe; 1% risk of failure)
Confirm with . or Enter, or press ? or * to list all spells.
Casting: Frozen Ramparts (dangerous; 3% risk of failure)
Press: ? - help, Dir - look around, f - activate The walls around you are covered in ice.
The wall freezes Blork the orc but does no damage.
Blork the orc hits you with a +0 glaive!
* * * LOW HITPOINT WARNING * * *
Unknown command.
Unknown command.
Casting: Frozen Ramparts (dangerous; 3% risk of failure)
Confirm with . or Enter, or press ? or * to list all spells.
A film of ice covers your body!
A kobold comes into view. It is wielding a +0 dagger.
The wall freezes Blork the orc.
Blork the orc points at you and mumbles some strange words.
The puff of frost hits you!
You die...

...........#####.#
....######## #.#
...## #.# #.## #.#
#.####### #.#
......... #.#
......### .# #.#
..###.####.## #.#
#...........# #@#
#.###.......#...o#
#.###............#
#........[........
.................#
#.##........#...##
#.##.....K..##..
#.##.###.#.###.>
#.##.........


You could see Blork the orc and a kobold (wandering).

Vanquished Creatures
  An orc wizard (D:3)
  4 gnolls (D:4)
  4 adders
  5 orcs
  6 ball pythons
  8 endoplasms
  5 giant cockroaches
  4 hobgoblins
  7 jackals
  4 bats
  2 frilled lizards
  13 goblins
  A goblin skeleton (D:3)
  A jackal skeleton (D:3)
  5 kobolds (D:1)
  A kobold zombie (D:3)
  7 rats
78 creatures vanquished.

Notes
Turn   | Place    | Note
-------+----------+-------------------------------------------
     0 | D:1      | gruber the Gargoyle Ice Elementalist began the quest for
                  | the Orb.
     0 | D:1      | Reached XP level 1. HP: 10/10 MP: 3/3
   356 | D:1      | Reached XP level 2. HP: 15/15 MP: 1/5
   749 | D:1      | Reached XP level 3. HP: 17/19 MP: 2/6
   953 | D:1      | Reached skill level 5 in Ice Magic
  1017 | D:1      | Learned a level 3 spell: Frozen Ramparts
  1748 | D:2      | Reached XP level 4. HP: 21/24 MP: 1/7
  2398 | D:3      | Found a bloodstained altar of Trog.
  2559 | D:3      | Reached XP level 5. HP: 28/28 MP: 4/8
  2655 | D:3      | Noticed a human
  2656 | D:3      | Found a runed translucent door.
  2692 | D:3      | Found a basalt altar of Yredelemnul.
  2944 | D:3      | Found a transporter.
  2946 | D:3      | Found a transporter.
  2946 | D:3      | Identified the +3 dire flail of the Beast {heavy, rN++
                  | rCorr Stlth-}
  2946 | D:3      | Noticed an ogre
  2947 | D:3      | Noticed an ogre
  2948 | D:3      | Noticed snipermoke's ghost (amateur DgFi)
  3063 | D:4      | Reached skill level 6 in Ice Magic
  3163 | D:4      | Learned a level 3 spell: Ozocubu's Armour
  3205 | D:4      | Found a staircase to the Ecumenical Temple.
  3253 | D:4      | Noticed Robin
  3340 | D:4      | Found a sparkling altar of Nemelex Xobeh.
  3433 | D:4      | Noticed a water moccasin
  3551 | D:4      | Noticed Blork the orc
  3557 | D:4      | Killed from afar by Blork the orc

Illustrated notes

Levels and vault maps discovered:
D:1:      dpeg_arrival_central, layout_basic, kennysheep_small_spiral
D:2:      layout_loops_ring
D:3:      layout_rooms, dk_yredelemnul_ordeal,
          mainiacjoe_overflow_concentric_impassable, gammafunk_ghost_smash
D:4:      layout_loops_ring, nemelex_diamond_rough_becter,
          minmay_temple_entry_butterflies, lightli_corner_chamber,
          uniq_blork_the_orc, uniq_robin

Skill      XL: |  1  2  3  4  5 |
---------------+----------------+-----
Ice Magic      | 5 6 |  6.1
Spellcasting   | 3 |  3.0
Dodging        | |  1.5
Stealth        | |  2.1

Action                     |  1- 3 |  4- 6 || total
---------------------------+-------+-------++-------
  Melee: Unarmed           |    14 |       ||    14
         Dagger            |       |    63 ||    63
         Punch             |       |     1 ||     1
   Cast: Freeze            |    55 |    30 ||    85
         Frozen Ramparts   |       |     4 ||     4
         Ozocubu's Armour  |       |     2 ||     2
   Stab: Sleeping          |       |     1 ||     1
 Armour: Robe              |    16 |    42 ||    58
  Dodge: Dodged            |    30 |    55 ||    85

Table legend: (Time is in decaauts)
 A = Elapsed time spent in this place.
 B = Non-inter-level travel time spent in this place.
 C = Inter-level travel time spent in this place.
 D = Time resting spent in this place.
 E = Time spent auto-exploring this place.
 F = Levels seen in this place.
 G = Mean time per level.
                   A        B        C        D        E       F      G
               +--------+--------+--------+--------+--------+-----+--------+
         Total |   3555 |   3429 |    126 |      0 |   2870 |   4 |  888.8 |
       Dungeon |   3555 |   3429 |    126 |      0 |   2870 |   4 |  888.8 |
               +--------+--------+--------+--------+--------+-----+--------+

Top non-repeatable levels by time:
     D:1: 1567 daAuts
     D:2: 817 daAuts
     D:3: 676 daAuts
     D:4: 495 daAuts
